 Dungeon Crawl Stone Soup version 0.31.0-11-ge490571c62 (webtiles) character file.

Game seed: 17580764737223286782

91 cdecastro the Ruffian (level 4, -2/35 HPs)
             Began as a Draconian Shapeshifter on Feb 1, 2024.
             Slain by an iguana (12 damage)
             ... on level 4 of the Dungeon.
             The game lasted 00:02:34 (2350 turns).

cdecastro the Ruffian (Draconian Shapeshifter)      Turns: 2350, Time: 00:02:35

Health: -2/35      AC:  5    Str: 16    XL:     4   Next: 33%
Magic:  4/4        EV: 12    Int: 17    God:
Gold:   199        SH:  0    Dex: 12    Spells: 3/3 levels left

rFire   . .          .
                       - Unarmed
rCold   . . .        (no shield)
rNeg    . . .        (body armour unavailable)
rPois   .            (helmet currently unavailable)
rElec   .            (cloak currently unavailable)
rCorr   .            (gloves currently unavailable)
SInv    .            (boots currently unavailable)
Will    .....        (no amulet)
Stlth   +            h - +6 ring of intelligence
HPRegen 0.25/turn    i - ring of wizardry
MPRegen 0.09/turn

%: wizardry (x1)
@: lethally poisoned (-2 -> -5), beast-form
A: beast (slay +2), AC +5, unfitting armour, cold-blooded
a: Begin Untransformation


You were on level 4 of the Dungeon.
You were a hulking beast.
You visited 1 branch of the dungeon, and saw 4 of its levels.

You collected 199 gold pieces.

Inventory:

Magical Staves
 k - a staff of air
Jewellery
 h - a +6 ring of intelligence (left hand)
 i - a ring of wizardry (right hand)
 s - a ring of willpower
Talismans
 b - a beast talisman
 c - a flux talisman
Scrolls
 d - a scroll of amnesia {unknown}
 e - a scroll of teleportation {unknown}
 f - a scroll of poison {unknown}
 g - a scroll of immolation {unknown}
 l - a scroll of noise {unknown}
 n - a scroll of brand weapon {unknown}
 p - a scroll of fog {unknown}
Potions
 a - a potion of lignification
 j - 2 potions of cancellation {unknown}
 m - 2 potions of enlightenment {unknown}
 o - 2 potions of heal wounds {unknown}
 q - a potion of attraction {unknown}
 r - 2 potions of might {unknown}


   Skills:
 - Level 1.1 Fighting
 - Level 1.7 Dodging
 * Level 4.6 Unarmed Combat
 + Level 3.7 Shapeshifting


You had 3 spell levels left.
You didn't know any spells.
Your spell library contained the following spells:

 Spells                   Type           Power      Damage    Failure   Level
 Shock                    Conj/Air       0%         1d3       10%         1
 Swiftness                Air            0%         N/A       26%         3
 Airstrike                Air            0%         2d(0-16)  65%         4


Dungeon Overview and Level Annotations

Branches:
Dungeon (4/15)
 Temple: D:4-7

Altars:
Uskayaw


Innate Abilities, Weirdness & Mutations

You are a hulking beast.
Your limbs bulge with bestial killing power. (Slay +2)
Your plain brown scales are hard. (AC +5)
You cannot fit into any form of body armour.
You are cold-blooded and may be slowed by cold attacks.


Message History

The iguana is lightly wounded.
The iguana bites you!
You barely miss the iguana.
The iguana is lightly wounded.
The iguana misses you.
You punch the iguana!
Your tail-slap misses the iguana.
The iguana is heavily wounded.
The iguana bites you.
You barely miss the iguana.
The iguana is heavily wounded.
The iguana bites you but does no damage.
You barely miss the iguana.
The iguana is heavily wounded.
The adder bites you. The iguana bites you. The adder bites you.
* * * LOW HITPOINT WARNING * * *
You barely miss the iguana.
The iguana is heavily wounded.
The iguana bites you but does no damage.
The adder bites you.
* * * LOW HITPOINT WARNING * * *
You hit the iguana but do no damage.
The iguana is heavily wounded.
The adder bites you but does no damage. The iguana bites you.
* * * LOW HITPOINT WARNING * * *
You completely miss the iguana.
The iguana is heavily wounded.
The adder bites you but does no damage.
The iguana bites you but does no damage.
You hit the iguana.
The iguana is heavily wounded.
The adder misses you. The iguana barely misses you.
The adder barely misses you.
Unknown command.
You hit the iguana.
The iguana is almost dead.
The adder bites you.
* * * LOW HITPOINT WARNING * * *
You are poisoned.
The adder poisons you! The iguana bites you!
You die...

.. #......... #.#
#......... ..
#.........
#.##.........
####..#.........
#+##...#.##........
#......#.†........#
.......#..#####.###
#.....lh..<#
..#...S.##.#
........##..#
.##########.# ..
#.# .# ..


You could see an iguana and an adder.

Vanquished Creatures
  An iguana (D:4)
  A dart slug (D:1)
  A ribbon worm (D:3)
  4 bats
  10 endoplasms
  A giant cockroach (D:1)
  7 goblins
  3 hobgoblins
  4 jackals (D:1)
  3 quokkas
  8 ball pythons
  2 frilled lizards (D:1)
  8 kobolds
  2 rats (D:1)
55 creatures vanquished.

Notes
Turn   | Place    | Note
-------+----------+-------------------------------------------
     0 | D:1      | cdecastro the Draconian Shapeshifter began the quest for
                  | the Orb.
     0 | D:1      | Reached XP level 1. HP: 16/16 MP: 1/1
   214 | D:1      | Reached XP level 2. HP: 21/23 MP: 2/2
   669 | D:2      | Reached XP level 3. HP: 25/28 MP: 3/3
   871 | D:2      | Reached skill level 4 in Unarmed Combat
  1543 | D:3      | Found a hide-covered altar of Uskayaw.
  1821 | D:3      | You fall into a shaft and drop 1 floor!
  2222 | D:4      | Reached XP level 4. HP: 6/35 MP: 4/4
  2350 | D:4      | Slain by an iguana

Illustrated notes

Levels and vault maps discovered:
D:1:      beargit_arrival_greenhouse, layout_loops_ring,
          hangedman_decor_peaks_small
D:2:      layout_rooms, serial_curves, eino_curves_03, eino_curves_01,
          eino_curves_02, eino_curves_02, kennysheep_generic_room_14
D:3:      layout_basic, amcnicky_altar_gilded, chequers_serial_rivers_micro_c
D:4:      layout_rooms, nicolae_dithmenos_shadow_blocks, guppyfry_shop_venom,
          uniq_sigmund

Skill      XL: |  1  2  3 |
---------------+----------+-----
Unarmed Combat | 4 |  4.6
Fighting       | |  1.1
Dodging        | |  1.7
Shapeshifting  | |  3.7

Action                     |  1- 3 |  4- 6 || total
---------------------------+-------+-------++-------
  Melee: Unarmed           |   151 |    12 ||   163
         Tailslap          |    19 |       ||    19
         Punch             |     1 |       ||     1
   Stab: Sleeping          |     2 |       ||     2
 Armour: Skin              |    74 |    14 ||    88
  Dodge: Dodged            |    98 |     5 ||   103
